 Dungeon Crawl Stone Soup version 0.30.1-4-g462c640d31 (webtiles) character file.

Game seed: 11095825838261594802

12979 Wiggles the Severer (level 11, -1/101 HPs)
             Began as a Minotaur Berserker on Aug 16, 2023.
             Was a High Priest of Trog.
             Slain by a manticore (2 damage)
             ... summoned by Kirke
             ... on level 12 of the Dungeon.
             The game lasted 00:17:03 (9389 turns).

Wiggles the Severer (Minotaur Berserker)            Turns: 9389, Time: 00:17:04

Health: -1/101     AC:  0    Str: 27    XL:     11   Next: 69%
Magic:  3/10       EV: 15    Int:  4    God:    Trog [*****.]
Gold:   447        SH:  0    Dex:  9    Spells: 10/10 levels left

rFire   . . .        H - melded +3 executioner's axe (antimagic)
rCold   . . .        (shield currently unavailable)
rNeg    . . .        k - melded +1 plate armour of Circular Logic {rN+ rCorr Str+3}
rPois   .            (helmet currently unavailable)
rElec   .            i - melded +0 cloak
rCorr   .            w - melded +2 pair of gloves
SInv    .            y - melded +2 pair of boots
Will    .....        C - amulet of the acrobat
Stlth   +            f - melded +6 ring of dexterity
HPRegen 0.36/turn    N - melded +4 ring of protection
MPRegen 0.12/turn

%: acrobat
@: pig-form, slowed
A: fast, no casting, small, (horns 2), (retaliatory headbutt)
a: Renounce Religion, Berserk, Trog's Hand, Brothers in Arms


You were on level 12 of the Dungeon.
You worshipped Trog.
Trog was extremely pleased with you.
You were a filthy swine.
You visited 1 branch of the dungeon, and saw 12 of its levels.
You also visited: Sewer.

You collected 616 gold pieces.
You spent 169 gold pieces at shops.

Inventory:

Hand Weapons
 a - a +1 heavy war axe
 n - a +0 battleaxe
 H - a +3 antimagic executioner's axe (melded)
Armour
 i - a +0 cloak (melded)
 k - the +1 plate armour of Circular Logic (melded) {rN+ rCorr Str+3}
   (You found it on level 3 of the Dungeon)

   Str:       It affects your strength (+3).
   rN:        It protects you from negative energy.
   rCorr:     It protects you from acid and corrosion.
 w - a +2 pair of gloves (melded)
 y - a +2 pair of boots (melded)
 D - a +0 chain mail
Jewellery
 f - a +6 ring of dexterity (melded)
 j - a ring of positive energy
 l - a ring of poison resistance
 C - an amulet of the acrobat (around neck)
 N - a +4 ring of protection (melded)
Wands
 o - a wand of flame (20)
 q - a wand of roots (9)
 G - a wand of charming (16)
 L - a wand of digging (5)
Scrolls
 d - 5 scrolls of vulnerability
 e - 4 scrolls of teleportation
 g - 2 scrolls of poison
 h - 5 scrolls of fear
 p - 3 scrolls of noise
 r - 7 scrolls of identify
 t - 3 scrolls of amnesia
 K - a scroll of acquirement {unknown}
Potions
 c - 3 potions of cancellation
 m - 2 potions of haste
 s - 2 potions of attraction
 u - 2 potions of invisibility
 v - 3 potions of might
 x - 6 potions of curing
 z - 2 potions of mutation
 A - 2 potions of heal wounds
 B - 3 potions of flight
 E - 4 potions of degeneration
 I - a potion of magic {unknown}
 J - a potion of ambrosia {unknown}
Miscellaneous
 b - a lightning rod (4/4)
 F - a condenser vane


   Skills:
 + Level 10.8 Fighting
 + Level 16.0 Axes
 + Level 11.8 Armour
 + Level 4.0 Dodging
 + Level 1.4 Stealth


You had 10 spell levels left.
You didn't know any spells.
Your spell library was empty.

Dungeon Overview and Level Annotations

Branches:
Dungeon (12/15)            Temple (0/1) D:7            Lair (0/5) D:11
  Sewer (visited)
    Orc: D:9-12

Altars:
Dithmenos
Fedhas
Gozag
Kikubaaqudgha
Qazlal
Ru
Trog
Uskayaw
Vehumet
Wu Jian
Xom
Yredelemnul
Zin
The Shining One

Shops:
D:8 (

Annotations:
D:12 Kirke


Innate Abilities, Weirdness & Mutations

You are a filthy swine.
You move quickly.
Your equipment is almost entirely melded.
You are incapable of wielding weapons or throwing items.
You cannot cast spells.
((You have a pair of horns on your head.))
((You reflexively headbutt those who attack you in melee.))


Message History

You furiously retaliate!
You headbutt the manticore!
The manticore claws you but does no damage. x2
You hit the manticore. You headbutt the manticore.
The manticore is heavily wounded.
You slice something!!
You hear some strange, mumbled words.
You turn into a filthy swine.
Your +3 antimagic executioner's axe melds into your body.
Your +0 cloak melds into your body.
Your +2 pair of gloves melds into your body.
Your +2 pair of boots melds into your body.
The +1 plate armour of Circular Logic {rN+ rCorr Str+3} melds into your body.
Your +6 ring of dexterity melds into your body.
Your +4 ring of protection melds into your body.
You feel magic returning to you.
You feel clumsy. The manticore bites you! The manticore claws you. x2
Something barely misses you. The manticore bites you!! The manticore claws you.
The manticore closely misses you.
You hit the manticore.
The manticore is heavily wounded.
You carefully extract the barbed spikes from your body.
Something completely misses you. The manticore bites you!
* * * LOW HITPOINT WARNING * * *
The manticore closely misses you. The manticore barely misses you.
You hit the manticore.
The manticore is severely wounded.
Something hits you.
* * * LOW HITPOINT WARNING * * *
The manticore closely misses you. The manticore claws you.
* * * LOW HITPOINT WARNING * * *
The manticore claws you!
* * * LOW HITPOINT WARNING * * *
Your deep troll goes berserk!
Something hits you!
* * * LOW HITPOINT WARNING * * *
The manticore bites you.
* * * LOW HITPOINT WARNING * * *
The manticore closely misses you. The manticore claws you.
You die...

..... .
#.... ##
.#....##.#
.
......#.##
..
#.......#
...##.....#
#...H{.T#
#...†h.#
#....<##
#....##
#.... #...#
#... .....
.!....
.....


You could see a manticore (summoned) and a friendly deep troll (summoned,
berserk).

Vanquished Creatures
  3 two-headed ogres
  A flayed ghost (D:9)
  2 gargoyles
  Maggie (D:7)
  Psyche (D:8)
  2 kobold demonologists
  A komodo dragon (D:11)
  Prince Ribbit (D:9)
  Sigmund (D:3)
  A shadow (D:10)
  11 yaks (D:10)
  A vampire (D:11)
  2 wyverns
  5 wraiths (D:9)
  2 fire bats (D:9)
  4 hogs (D:12)
  Menkaure (D:4)
  A steam dragon (D:7)
  2 vampire mosquitoes (D:11)
  Edmund (D:4)
  Duvessa (D:4)
  2 water moccasins
  An acid dragon (D:11)
  An orc warrior (D:11)
  An ice beast (D:6)
  2 black bears
  2 sky beasts (D:8)
  2 ogres (D:7)
  A centaur (D:5)
  3 kobold brigands
  Blork the orc (D:5)
  4 bullfrogs
  2 gnoll sergeants
  A scorpion (D:7)
  16 wights
  Dowan (D:4)
  5 howler monkeys (D:10)
  A jelly (D:4)
  10 orc priests
  A sleepcap (D:5)
  Jessica (D:3)
  Natasha (twice) (D:3)
  Terence (D:2)
  4 iguanas
  13 orc wizards
  12 gnolls
  5 adders
  2 worms
  2 dart slugs
  34 orcs
  12 bats
  5 endoplasms
  13 giant cockroaches
  11 goblins
  13 hobgoblins
  5 jackals
  12 quokkas
  7 ball pythons
  16 frilled lizards
  19 kobolds
  6 rats
297 creatures vanquished.

Notes
Turn   | Place    | Note
-------+----------+-------------------------------------------
     0 | D:1      | Wiggles the Minotaur Berserker began the quest for the Orb.
     0 | D:1      | Reached XP level 1. HP: 19/19 MP: 0/0
   141 | D:1      | Reached XP level 2. HP: 23/27 MP: 1/1
   144 | D:1      | Reached skill level 4 in Axes
   642 | D:2      | Reached ** piety under Trog
   648 | D:2      | Reached XP level 3. HP: 33/33 MP: 2/2
  1020 | D:2      | Noticed Terence
  1029 | D:2      | Killed Terence
  1030 | D:2      | Reached XP level 4. HP: 41/41 MP: 3/3
  1423 | D:3      | Noticed Jessica
  1427 | D:3      | Killed Jessica
  1498 | D:3      | Noticed Natasha
  1506 | D:3      | Killed Natasha
  1507 | D:3      | Reached skill level 5 in Axes
  1521 | D:3      | Reached XP level 5. HP: 27/47 MP: 4/4
  1693 | D:3      | Noticed Natasha
  1697 | D:3      | Killed Natasha
  1699 | D:3      | Found an opulent altar of Gozag.
  1699 | D:3      | Found an ancient bone altar of Kikubaaqudgha.
  1785 | D:3      | Reached *** piety under Trog
  1888 | D:3      | Identified the +1 plate armour of Circular Logic {rN+ rCorr
                  | Str+3}
  1901 | D:3      | Noticed Sigmund
  1916 | D:3      | Killed Sigmund
  1917 | D:3      | Reached skill level 6 in Axes
  1917 | D:3      | Reached XP level 6. HP: 44/55 MP: 5/5
  1956 | D:3      | Found a glowing silver altar of Zin.
  2017 | D:3      | Found a glowing drain.
  2035 | Sewer    | Entered a sewer
  2108 | Sewer    | Reached skill level 5 in Fighting
  2276 | Sewer    | Reached skill level 7 in Axes
  2286 | Sewer    | Reached XP level 7. HP: 43/61 MP: 6/6
  2876 | D:4      | Noticed Duvessa
  2876 | D:4      | Noticed Dowan
  2883 | D:4      | Killed Duvessa
  2884 | D:4      | Reached skill level 5 in Armour
  2888 | D:4      | Killed Dowan
  2889 | D:4      | Reached skill level 8 in Axes
  3043 | D:4      | Found a glowing golden altar of the Shining One.
  3077 | D:4      | Found a basalt altar of Yredelemnul.
  3129 | D:4      | Noticed Edmund
  3140 | D:4      | Reached **** piety under Trog
  3142 | D:4      | Killed Edmund
  3289 | D:4      | Noticed Menkaure
  3299 | D:4      | Killed Menkaure
  3300 | D:4      | Reached XP level 8. HP: 23/70 MP: 7/7
  3500 | D:4      | Found a radiant altar of Vehumet.
  3653 | D:5      | Entered Level 5 of the Dungeon
  3741 | D:5      | Reached skill level 9 in Axes
  3768 | D:5      | Found a hide-covered altar of Uskayaw.
  3878 | D:5      | Noticed Blork the orc
  3890 | D:5      | Killed Blork the orc
  4250 | D:5      | Found a blossoming altar of Fedhas.
  4414 | D:6      | Found a sacrificial altar of Ru.
  4566 | D:6      | Reached skill level 10 in Axes
  4944 | D:6      | Reached XP level 9. HP: 63/78 MP: 8/8
  5179 | D:7      | Reached ***** piety under Trog
  5179 | D:7      | Noticed Maggie
  5190 | D:7      | Killed Maggie
  5191 | D:7      | Reached skill level 11 in Axes
  5339 | D:7      | Found a staircase to the Ecumenical Temple.
  5379 | D:7      | Found a shadowy altar of Dithmenos.
  5386 | D:7      | Reached skill level 1 in Stealth
  5406 | D:7      | Found a stormy altar of Qazlal.
  5757 | D:7      | Identified the +7 lajatang of Discord {heavy, rF+ SInv}
  5911 | D:8      | Noticed a two-headed ogre
  5919 | D:8      | Killed a two-headed ogre
  5920 | D:8      | Reached skill level 12 in Axes
  5926 | D:8      | Noticed Psyche
  5930 | D:8      | Killed Psyche
  5931 | D:8      | Reached XP level 10. HP: 57/88 MP: 9/9
  5932 | D:8      | Reached skill level 10 in Armour
  6140 | D:8      | Noticed a two-headed ogre
  6152 | D:8      | Killed a two-headed ogre
  6153 | D:8      | Reached skill level 13 in Axes
  6526 | D:8      | Found Rophog's Antique Weapon Shoppe.
  6533 | D:8      | Bought a battleaxe for 169 gold pieces
  6992 | D:9      | Found a runed translucent door.
  6994 | D:9      | Noticed a two-headed ogre
  6998 | D:9      | Killed a two-headed ogre
  7001 | D:9      | Noticed a flayed ghost
  7009 | D:9      | Killed a flayed ghost
  7011 | D:9      | Reached skill level 14 in Axes
  7024 | D:9      | Found a shimmering altar of Xom.
  7043 | D:9      | Found a shimmering altar of Xom.
  7085 | D:9      | Found an opulent altar of Gozag.
  7097 | D:9      | Found an ornate altar of the Wu Jian Council.
  7159 | D:9      | Found a hide-covered altar of Uskayaw.
  7195 | D:9      | Reached XP level 11. HP: 97/97 MP: 10/10
  7202 | D:9      | Found a bloodstained altar of Trog.
  7242 | D:9      | Noticed Prince Ribbit
  7259 | D:9      | Killed Prince Ribbit
  7321 | D:9      | Noticed a sixfirhy
  7856 | D:9      | Received a gift from Trog
  8035 | D:10     | Entered Level 10 of the Dungeon
  8204 | D:10     | Reached skill level 10 in Fighting
  8463 | D:10     | Reached skill level 15 in Axes
  9192 | D:11     | Found a staircase to the Lair.
  9376 | D:12     | Noticed Kirke
  9383 | D:12     | Reached skill level 16 in Axes
  9389 | D:12     | HP: 2/101 [something (9)]
  9389 | D:12     | Slain by a manticore

Illustrated notes

Levels and vault maps discovered:
D:1:      eino_arrival_druids_welcome, layout_basic
D:2:      layout_loops_corners, uniq_terence
D:3:      cheibrodos_greedy_goblins, layout_loops_ring,
          mainiacjoe_overflow_divided_tiny, mainiacjoe_overflow_six_doors_small,
          portal_sewer_entry_f, uniq_sigmund, uniq_jessica, uniq_natasha
D:4:      layout_gridville, grunt_temple_overflow_holy_war,
          nicolae_overflow_crystal_walls, uniq_edmund, uniq_menkaure,
          uniq_duvessa
D:5:      layout_rooms, mainiacjoe_overflow_surrounded_room, lemuel_round_altar,
          uniq_blork_the_orc
D:6:      layout_loops_ring, nicolae_ru_path_of_blood
D:7:      layout_basic, nicolae_qazlal_general_emergency,
          grunt_dithmenos_smoke_and_mirrors, minmay_temple_entry_crystal_x,
          uniq_maggie
D:8:      layout_loops_ring, serial_shops, shop, minmay_checkerbox, uniq_psyche
D:9:      due_megacathedral, layout_loops_corners, uniq_prince_ribbit1
D:10:     layout_long_grid
D:11:     layout_rooms, david_lair_shrubbed, minmay_misc_feat_rows
D:12:     layout_cave_pools, david_orc_5, uniq_kirke

Skill      XL: |  1  2  3  4  5  6  7  8  9 10 11 |
---------------+----------------------------------+-----
Fighting       | 4 5 6 8 9 10 | 10.8
Axes           | 4 5 6 7 8 10 12 14 16 | 16.0
Dodging        | 3 4 |  4.0
Armour         | 3 4 5 8 9 11 | 11.8
Stealth        | 1 |  1.4

Action                     |  1- 3 |  4- 6 |  7- 9 | 10-12 || total
---------------------------+-------+-------+-------+-------++-------
  Melee: Hand axe          |    61 |   150 |    68 |       ||   279
         Headbutt          |    13 |    17 |    37 |    45 ||   112
         Punch             |       |     1 |     2 |       ||     3
         War axe           |       |       |   131 |   104 ||   235
         Executioner's axe |       |       |       |   122 ||   122
         Unarmed           |       |       |       |     2 ||     2
 Invoke: Berserk           |     1 |     2 |     4 |     2 ||     9
         Brothers in Arms  |       |       |       |     1 ||     1
    Use: Scroll            |       |       |    18 |     8 ||    26
 Armour: Animal skin       |     3 |       |       |       ||     3
         Ring mail         |    13 |       |       |       ||    13
         Chain mail        |       |    32 |       |       ||    32
         Plate armour      |       |    60 |   113 |   118 ||   291
  Dodge: Dodged            |    37 |    67 |   101 |   148 ||   353
